 Dungeon Crawl Stone Soup version 0.18.1-6-gd335043 (webtiles) character file.

171 Jerry the Covered (level 5, -1/45 HPs)
             Began as a Minotaur Fighter on May 18, 2016.
             Was an Initiate of Pakellas.
             Shot with an arrow by a centaur (2 damage)
             ... on level 5 of the Dungeon.
             The game lasted 00:05:20 (2412 turns).

Jerry the Covered (Minotaur Fighter)                Turns: 2412, Time: 00:05:20

Health: -1/45      AC:  9    Str: 21    XL:     5   Next: 26%
Magic:  4/4        EV:  7    Int:  5    God:    Pakellas [......]
Gold:   211        SH: 10    Dex: 10    Spells: 0 memorised, 4 levels left

rFire  . . .     SeeInvis .     a - +0 flail
rCold  . . .     Gourm    .     b - +0 scale mail
rNeg   . . .     Faith    .     c - +0 shield
rPois  .         Spirit   .     (helmet restricted)
rElec  .         Dismiss  .     (no cloak)
rCorr  .         Reflect  .     t - +0 pair of gloves (curse)
SustAt .         Harm     .     p - +0 pair of boots
MR     .....                    (no amulet)
Stlth  ..........               (no ring)
                                i - ring of flight

@: not resistant to hostile enchantments, extremely unstealthy
A: retaliatory headbutt, horns 2
a: Renounce Religion, Evoke Flight


You were on level 5 of the Dungeon.
You worshipped Pakellas.
Pakellas was noncommittal.
You were not hungry.

You visited 1 branch of the dungeon, and saw 5 of its levels.

You collected 211 gold pieces.

Inventory:

Hand Weapons
 a - a +0 flail (weapon)
Armour
 b - a +0 scale mail (worn)
 c - a +0 shield (worn)
 p - a +0 pair of boots (worn)
 t - a cursed +0 pair of gloves (worn)
Jewellery
 i - a ring of flight (left hand)
 u - an uncursed ring of resist corrosion {unknown}
Scrolls
 e - 4 scrolls of remove curse {unknown}
 g - a scroll of immolation {unknown}
 h - 2 scrolls of fog {unknown}
 m - 3 scrolls of magic mapping {unknown}
 n - a scroll of enchant armour {unknown}
 q - 2 scrolls of blinking {unknown}
 w - 2 scrolls of identify {unknown}
 y - a scroll of fear {unknown}
Potions
 d - 4 potions of might
 j - 3 potions of agility {unknown}
 l - a potion of curing {unknown}
 s - a potion of heal wounds {unknown}
 v - a potion of berserk rage {unknown}
 x - a potion of ambrosia {unknown}
Comestibles
 f - 6 bread rations
 k - 2 fruits
 o - a meat ration
 r - a beef jerky
 z - 3 chunks of flesh


   Skills:
 - Level 3.6 Fighting
 + Level 4.0 Maces & Flails
 + Level 5.3 Armour
 + Level 5.0 Shields


You had 4 spell levels left.
You didn't know any spells.

Dungeon Overview and Level Annotations

Branches:
Dungeon (5/15)             Temple (0/1) D:5

Altars:
Ashenzari
Elyvilon
Kikubaaqudgha
Makhleb
Pakellas


Innate Abilities, Weirdness & Mutations

You reflexively headbutt those who attack you in melee.
You have a pair of horns on your head.


Message History

The orc wizard flickers and vanishes!
Deactivating autopickup; reactivate with Ctrl-A.
You can't go up here!
The orc priest calls down the wrath of Beogh upon you.
Beogh smites you!
* * * LOW HITPOINT WARNING * * *
Something hits you but does no damage.
You climb downwards.
Found a short sword and a leather armour.
Found a staircase to the Ecumenical Temple.
There is a stone staircase leading up here.
A centaur comes into view.
Something hits you but does no damage.
You hear some strange, mumbled words.
A puff of flame appears from out of thin air!
The puff of flame hits you!
* * * LOW HITPOINT WARNING * * *
The centaur wields a shortbow.
The centaur shoots an arrow.
The arrow hits you.
You die...
Pakellas says: Back to the drawing board!

...........
..........
#......c..
###.........
..........
#......
######...###..+#
+.....@.<....§≈≈
######......≈≈§§
+.....§≈§≈≈
#.).##§§≈>≈
..... ≈≈≈≈§
....... ≈§§≈
#....[... ≈≈≈
#.........#.#


You could see a centaur.

Vanquished Creatures
  Blork the orc (D:4)
  4 adders
  3 oozes
  A worm (D:2)
  2 giant geckos (D:3)
  An orc (D:3)
  3 giant cockroaches
  7 goblins
  5 hobgoblins
  5 quokkas
  A ball python (D:1)
  3 bats
  2 giant newts (D:1)
  7 kobolds
  6 rats
51 creatures vanquished.

Notes
Turn   | Place    | Note
--------------------------------------------------------------
     0 | D:1      | Jerry the Minotaur Fighter began the quest for the Orb.
     0 | D:1      | Reached XP level 1. HP: 19/19 MP: 0/0
   143 | D:1      | Reached XP level 2. HP: 26/26 MP: 1/1
   636 | D:2      | Reached XP level 3. HP: 25/31 MP: 2/2
  1012 | D:2      | Found a white marble altar of Elyvilon.
  1013 | D:2      | Found an ancient bone altar of Kikubaaqudgha.
  1013 | D:2      | Found a burning altar of Makhleb.
  1602 | D:3      | Reached XP level 4. HP: 30/39 MP: 3/3
  1668 | D:3      | Found an oddly glowing altar of Pakellas.
  1677 | D:3      | Became a worshipper of Pakellas the Inventive
  1919 | D:3      | Found a shattered altar of Ashenzari.
  1998 | D:3      | Reached skill level 5 in Armour
  2303 | D:4      | Noticed Blork the orc
  2309 | D:4      | Killed Blork the orc
  2309 | D:4      | Reached skill level 5 in Shields
  2309 | D:4      | Reached XP level 5. HP: 40/45 MP: 4/4
  2410 | D:5      | Entered Level 5 of the Dungeon
  2410 | D:5      | Found a staircase to the Ecumenical Temple.
  2411 | D:5      | Noticed a centaur
  2411 | D:5      | HP: 1/45 [something/puff of flame (7)]
  2412 | D:5      | Shot with an arrow by a centaur

Skill      XL: |  1  2  3  4  5 |
---------------+----------------+-----
Armour         | 4 5 |  5.3
Shields        | 4 5 |  5.0
Maces & Flails | 3 4 |  4.0
Fighting       | |  3.6

Action                   |  1- 3 |  4- 6 || total
-------------------------+-------+-------++-------
Melee: Flail             |   104 |    34 ||   138
       Headbutt          |    11 |     6 ||    17
  Eat: Chunk             |     2 |     3 ||     5
Armor: Scale mail        |    62 |    13 ||    75
Dodge: Dodged            |    28 |    16 ||    44
Block: Shield            |    54 |    20 ||    74
